 Dungeon Crawl Stone Soup version 0.21.1-1-g345015f (webtiles) character file.

124 dalore the Skirmisher (level 4, -4/42 HPs)
             Began as a Minotaur Berserker on Apr 5, 2018.
             Was a Follower of Trog.
             Slain by a worm (11 damage)
             ... on level 2 of the Dungeon.
             The game lasted 00:09:26 (1278 turns).

dalore the Skirmisher (Minotaur Berserker)          Turns: 1278, Time: 00:09:27

Health: -4/42      AC:  2    Str: 23    XL:     4   Next: 81%
Magic:  3/3        EV: 12    Int:  4    God:    Trog [*.....]
Gold:   41         SH:  0    Dex:  9    Spells: 3/3 levels left

rFire    . . .     SeeInvis .   a - +0 mace
rCold    . . .     Gourm    .   (no shield)
rNeg     . . .     Faith    .   b - +0 animal skin
rPois    .         Spirit   .   (helmet restricted)
rElec    .         Reflect  .   (no cloak)
rCorr    .         Harm     .   (no gloves)
MR       ++...                  (no boots)
Stlth    +.........             (no amulet)
HPRegen  1.14/turn              (no ring)
MPRegen  0.08/turn              (no ring)

@: berserk cooldown, regenerating, slowed, very slow
A: retaliatory headbutt, horns 2
a: Berserk, Burn Spellbooks, Renounce Religion


You were on level 2 of the Dungeon.
You worshipped Trog.
Trog was aware of your devotion.
You were very hungry.

You visited 1 branch of the dungeon, and saw 3 of its levels.

You collected 41 gold pieces.

Inventory:

Hand Weapons
 a - a +0 mace (weapon)
 j - a +0 mace
   (You found it on level 1 of the Dungeon)
Armour
 b - a +0 animal skin (worn)
 k - a +0 ring mail
   (You found it on level 1 of the Dungeon)
 q - a +0 pair of boots
   (You found it on level 2 of the Dungeon)
Wands
 o - a wand of random effects (20)
   (You took it off Terence on level 2 of the Dungeon)
Scrolls
 d - 2 scrolls of identify {unknown}
 f - a scroll of immolation {unknown}
 g - 5 scrolls of remove curse {unknown}
 h - a scroll of amnesia {unknown}
 l - a scroll of teleportation {unknown}
Potions
 e - 2 potions of resistance {unknown}
 i - a potion of curing {unknown}
 m - a potion of brilliance {unknown}
 p - a potion of cancellation {unknown}
Comestibles
 c - 4 rations


   Skills:
 + Level 5.1 Fighting
 + Level 5.0 Maces & Flails
 + Level 2.7 Armour
 + Level 2.9 Dodging
 + Level 0.1 Stealth


You had 3 spell levels left.
You didn't know any spells.

Dungeon Overview and Level Annotations

Branches:
Dungeon (3/15)

Altars:


Innate Abilities, Weirdness & Mutations

You reflexively headbutt those who attack you in melee.
You have a pair of horns on your head.


Message History

You sock the hobgoblin!
You kill the hobgoblin!
Trog accepts your kill.
You can now call upon Trog for regeneration and magic resistance.
The goblin hits you with a dagger!
A worm comes into view.
You take 8 damage, and have 51/63 hp.
You bludgeon the goblin!!
You kill the goblin!
Trog accepts your kill.
The howler monkey skeleton closely misses you.
You furiously retaliate!
You headbutt the howler monkey skeleton!!
You destroy the howler monkey skeleton!
Trog accepts your kill.
The hobgoblin hits you but does no damage.
Things that are here:
a dagger; a goblin corpse You hit the hobgoblin.
Your headbutt misses the hobgoblin.
The goblin throws a stone.
The stone closely misses you.
The hobgoblin hits you but does no damage.
You sock the hobgoblin!
You feel the power of Trog in you as your rage grows.
You kill the hobgoblin!
Trog accepts your kill.
The goblin throws a stone.
The stone barely misses you. The goblin barely misses you.
You thump the goblin!
You feel the power of Trog in you as your rage grows.
You kill the goblin!
Trog accepts your kill.
Your skin stops crawling.
You feel less resistant to hostile enchantments.
A goblin comes into view. It is wielding a club.
Things that are here:
22 stones; a green potion You feel a strong urge to attack something.
The goblin shouts!
The hobgoblin shouts!
The hobgoblin throws a stone.
The stone closely misses you.
You feel your anger nearly subside.
You are no longer berserk.
You are exhausted.
You feel yourself slow down.
The goblin unwields an uncursed club.
The goblin wields a hunting sling.
The goblin shoots a stone.
The stone barely misses you. The hobgoblin hits you with a club.
You see here a stone.
You now have 34/42 hp.
You sock the hobgoblin!
You kill the hobgoblin!
Trog accepts your kill.
The goblin shoots a stone.
The stone hits you.
You take 4 damage, and have 30/42 hp.
The goblin shoots a stone.
The stone completely misses you. The worm bites you!
You see here a stone.
You take 9 damage, and have 21/42 hp.
MASSIVE DAMAGE!!
You are too injured to fight recklessly!
Okay, then.
Eat a chunk of flesh {@w0}? (ye/n/q)
You eat the chunk of flesh {@w0}.
You are feeling hungry.
The goblin barely misses you. The worm bites you.
You take 5 damage, and have 16/42 hp.
Your skin crawls.
You feel resistant to hostile enchantments.
You feel somewhat more hungry.
You can no longer call upon Trog for regeneration and magic resistance.
You are feeling very hungry.
The goblin hits you. x2
You take 3 damage, and have 13/42 hp.
The hobgoblin shouts!
You thump the goblin!
You kill the goblin!
Trog accepts your kill.
Your Maces & Flails skill increases to level 5!
The goblin shoots a stone.
The stone misses you.
The stone completely misses the worm.
The worm closely misses you. You furiously retaliate!
You headbutt the worm.
You regained 2 hp, and now have 15/42 hp.
The goblin shoots a stone.
The stone hits you.
You see here 2 stones.
You take 2 damage, and have 13/42 hp.
You feel the effects of Trog's Hand fading.
The goblin unwields an uncursed hunting sling.
The goblin wields an uncursed club.
The goblin hits you with an uncursed club.
The goblin closely misses you.
You hit the goblin.
You kill the goblin!
Trog accepts your kill. The worm bites you. The hobgoblin barely misses you.
You barely miss the hobgoblin. Your headbutt misses the hobgoblin.
The hobgoblin closely misses you. The worm bites you!
* * * LOW HITPOINT WARNING * * *
The hobgoblin hits you.
* * * LOW HITPOINT WARNING * * *
You take 9 damage, and have 5/42 hp.
MASSIVE DAMAGE!!
You barely miss the hobgoblin. The worm bites you!
You die...

......P...# ....P...#.# #..#
#.#.P...# #.P# .÷.÷###...# #
#..####### ....# #...
.##......... ...## #..
........... ...# #.
#..>....>.# ...#
#..##.#g).....# ...#
#...)w@......#### ...#
###.((..........## ...#
##(#............## #####
#..##.......$.<..#
....########.##(............#
.............##.............#
....#########.(†...........##
.........##..)##..(........#
....####....####............


You could see a worm and a hobgoblin.

Vanquished Creatures
  Terence (D:2)
  A worker ant zombie (D:2)
  Robin (D:2)
  A howler monkey skeleton (D:2)
  An adder (D:2)
  3 worms
  A dart slug (D:1)
  2 leopard geckos (D:1)
  An orc (D:3)
  5 bats (D:2)
  A giant cockroach (D:1)
  11 goblins
  5 hobgoblins
  3 jackals (D:1)
  A frilled lizard (D:3)
  A kobold (D:2)
  A quokka zombie (D:2)
  3 rats
43 creatures vanquished.

Notes
Turn   | Place    | Note
-------+----------+-------------------------------------------
     0 | D:1      | dalore the Minotaur Berserker began the quest for the Orb.
     0 | D:1      | Reached XP level 1. HP: 19/19 MP: 0/0
   149 | D:1      | Reached skill level 4 in Maces & Flails
   149 | D:1      | Reached XP level 2. HP: 27/27 MP: 1/1
   153 | D:1      | Reached skill level 4 in Fighting
   683 | D:2      | Reached XP level 3. HP: 28/34 MP: 2/2
  1106 | D:2      | Noticed Terence
  1112 | D:3      | Reached ** piety under Trog
  1158 | D:2      | Killed Terence
  1158 | D:2      | Reached XP level 4. HP: 41/41 MP: 3/3
  1164 | D:2      | Reached skill level 5 in Fighting
  1245 | D:2      | Noticed Robin
  1256 | D:2      | Killed Robin
  1273 | D:2      | Reached skill level 5 in Maces & Flails
  1277 | D:2      | HP: 6/42 [worm (10)]
  1278 | D:2      | Slain by a worm

Skill      XL: |  1  2  3  4 |
---------------+-------------+-----
Maces & Flails | 4 5 |  5.0
Fighting       | 4 5 |  5.1
Armour         | |  2.7
Dodging        | |  2.9
Stealth        | |  0.1

Action                   |  1- 3 |  4- 6 || total
-------------------------+-------+-------++-------
Melee: Mace              |    60 |    25 ||    85
       Headbutt          |    16 |     2 ||    18
Invok: Trog's Hand       |     1 |     2 ||     3
       Berserk           |     1 |     1 ||     2
  Eat: Chunk             |     1 |     2 ||     3
Armor: Animal skin       |    10 |     2 ||    12
Dodge: Dodged            |    44 |    20 ||    64

Vault maps used:
D:1:      dpeg_arrival_pond
D:2:      kiku_gazebo_garden_becter, serial_undead, serial_undead_b,
          serial_undead_c, serial_undead_d, serial_undead_f, uniq_robin,
          uniq_terence
D:3:      chequers_temple_overflow_statue_of_worship

Table legend:
 A = Turns spent in this place as a percentage of turns spent in the entire game.
 B = Non-inter-level travel turns spent in this place as a percentage of non-inter-level travel turns spent in the entire game.
 C = Inter-level travel turns spent in this place as a percentage of turns spent in this place.
 D = Turns resting spent in this place as a percentage of non-inter-level travel turns spent in this place.
 E = Turns spent auto-exploring this place as a percentage of non-inter-level travel turns spent in this place.
 F = Non-inter-level travel turns spent in this place divided by the number of levels of this place that you've seen.
                   A       B       C       D       E      F
               +-------+-------+-------+-------+-------+----------------------
         Total | 100.0 | 100.0 |   8.7 |  27.5 |  51.8 | 389.0
       Dungeon | 100.0 | 100.0 |   8.7 |  27.5 |  51.8 | 389.0
               +-------+-------+-------+-------+-------+----------------------

Table legend:
 A = Kills in this place as a percentage of kills in entire the game.
 B = Kills by you in this place as a percentage of kills by you in the entire game.
 C = Kills by friends in this place as a percentage of kills by friends in the entire game.
 D = Other kills in this place as a percentage of other kills in the entire game.
 E = Experience gained in this place as a percentage of experience gained in the entire game.
 F = Experience gained in this place divided by the number of levels of this place that you have seen.
                   A       B       C       D       E      F
               +-------+-------+-------+-------+-------+----------------------
         Total | 100.0 | 100.0 |   N/A |   N/A | 100.0 |  59.3
       Dungeon | 100.0 | 100.0 |   N/A |   N/A | 100.0 |  59.3
               +-------+-------+-------+-------+-------+----------------------
